 Dungeon Crawl Stone Soup version 0.27-a0-1193-g8631133539 (webtiles) character file.

Game seed: 10813586523982011726

114576 spiderkeys the Destroyer (level 16, -12/116 HPs)
             Began as an Octopode Conjurer on May 26, 2021.
             Was an Initiate of Gozag.
             Mangled by a saltling (17 damage)
             ... in the Desolation of Salt.
             The game lasted 02:20:20 (38542 turns).

spiderkeys the Destroyer (Octopode Conjurer)       Turns: 38542, Time: 02:20:20

Health: -12/116    AC: 13    Str: 12    XL:     16   Next: 66%
Magic:  17/32      EV: 15    Int: 35    God:    Gozag
Gold:   1606       SH:  7    Dex:  9    Spells: 16/40 levels left

rFire    + + .     SeeInvis +   J - staff of conjuration {!a}
rCold    + . .     Faith    .   u - +3 buckler
rNeg     . . .     Spirit   .   (helmet restricted)
rPois    +         Reflect  .   S - amulet of magic regeneration
rElec    .         Harm     .   o - +4 ring of protection
rCorr    +         Rampage  .   O - +4 ring of protection
Will     ++++.                  H - ring of Dawn {rC+ rCorr Int+6 Dex-2}
Stlth    +++.......             F - ring of protection from fire
HPRegen  0.29/turn              v - ring of see invisible
MPRegen  0.48/turn              U - ring of Upihiuts {rF+ Will+++ Str+6 Slay-6}
                                n - ring of Voissaom {AC+4 Int+2}
                                P - ring of poison resistance

@: on berserk cooldown
A: almost no armour, amphibious, 8 rings, camouflage 1, gelatinous body 1,
(nimble swimmer 1), tentacles
a: Renounce Religion, Potion Petition, Call Merchant, Bribe Branch


You were in the Desolation of Salt.
You worshipped Gozag.
Gozag was most pleased with you.
You visited 5 branches of the dungeon, and saw 24 of its levels.
You also visited: Sewer and Desolation.

You collected 8303 gold pieces.
You spent 4444 gold pieces at shops.
You paid 2253 gold pieces to Gozag.


Innate Abilities, Weirdness & Mutations

You cannot wear most types of armour.
You are amphibious.
You can wear up to eight rings at the same time.
Your skin changes colour to match your surroundings (Stealth+).
Your rubbery body absorbs attacks. (AC +1, EV +1)
((You are camouflaged near water. (Stealth+)))
You have tentacles for arms and can constrict up to eight enemies at once.


   Skills:
 + Level 12.9 Fighting
 - Level 10.0 Dodging
 - Level 2.6 Stealth
 - Level 4.0 Shields
 + Level 12.8 Spellcasting
 + Level 13.7 Conjurations
 + Level 10.7 Hexes
 - Level 10.0 Translocations
 - Level 5.0 Ice Magic


You had 16 spell levels left.
You knew the following spells:

 Your Spells              Type           Power      Damage    Failure   Level
b - Summon Ice Beast      Ice/Summ       39%        N/A       7%          4
c - Call Imp              Summ           22%        N/A       2%          2
d - Mephitic Cloud        Conj/Pois/Air  69%        N/A       1%          3
f - Fulminant Prism       Conj/Hex       52%        3d23      1%          4
o - Ozocubu's Armour      Ice            55%        N/A       1%          3
s - Searing Ray           Conj           100%       3d7       0%          2
B - Blink                 Tloc           N/A        N/A       1%          2
X - Iskenderun's Mystic   Conj/Tloc      100%       2d19      1%          4

Your spell library contained the following spells:

 Spells                   Type           Power      Damage    Failure   Level
 Magic Dart               Conj           100%       1d8       0%          1
 Apportation              Tloc           100%       N/A       1%          1
 Beastly Appendage        Tmut           44%        N/A       1%          1
 Freeze                   Ice            100%       1d11      1%          1
 Summon Small Mammal      Summ           88%        N/A       1%          1
 Slow                     Hex            78%        N/A       1%          2
 Conjure Flame            Conj/Fire      81%        6-21      1%          3
 Dazzling Flash           Conj/Hex       100%       N/A       1%          3
 Frozen Ramparts          Ice            100%       1d12      1%          3
 Lesser Beckoning         Tloc           37%        N/A       1%          3
 Summon Guardian Golem    Hex/Summ       56%        N/A       1%          3
 Tukima's Dance           Hex            78%        N/A       1%          3
 Hailstorm                Conj/Ice       93%        3d18      1%          4
 Metabolic Englaciation   Hex/Ice        33%        N/A       1%          5
 Wereblood                Tmut           22%        N/A       2%          2
 Invisibility             Hex            78%        N/A       3%          6
 Call Canine Familiar     Summ           22%        N/A       5%          3
 Spider Form              Tmut/Pois      11%        N/A       5%          3
 Ice Form                 Ice/Tmut       39%        N/A       7%          4
 Summon Lightning Spire   Summ/Air       22%        N/A       19%         4
 Alistair's Intoxication  Tmut/Pois      14%        N/A       45%         5
 Hydra Form               Tmut           11%        N/A       45%         5

Inventory:

Missiles
 a - 6 curare-tipped darts {=f}
 p - 91 poisoned darts
 E - 8 atropa-tipped darts
 G - 19 javelins
Armour
 u - a +3 buckler (worn)
   (You found it on level 8 of the Dungeon)
Magical Staves
 J - a staff of conjuration (weapon) {!a}
   (You found it on level 8 of the Dungeon)
Jewellery
 f - a ring of protection from fire
   (You found it on level 5 of the Lair of Beasts)
 n - the ring of Voissaom (on tentacle) {AC+4 Int+2}
   (You bought it in a shop on level 5 of the Lair of Beasts)

   [ring of protection]

   It affects your AC (+4).
   It affects your intelligence (+2).
 o - a +4 ring of protection (left tentacle)
   (You bought it in a shop on level 5 of the Lair of Beasts)
 v - a ring of see invisible (on tentacle)
   (You found it on level 11 of the Dungeon)
 A - an amulet of the acrobat
   (You found it on level 10 of the Dungeon)
 C - a ring of protection from cold
   (You found it on level 2 of the Lair of Beasts)
 F - a ring of protection from fire (on tentacle)
   (You found it on level 11 of the Dungeon)
 H - the ring of Dawn (on tentacle) {rC+ rCorr Int+6 Dex-2}
   (You acquired it on level 10 of the Dungeon)

   [ring of intelligence]

   It affects your intelligence (+6).
   It affects your dexterity (-2).
   It protects you from cold.
   It protects you from acid and corrosion.
 L - a ring of flight
   (You found it on level 8 of the Dungeon)
 O - a +4 ring of protection (right tentacle)
   (You bought it in a shop on level 5 of the Lair of Beasts)
 P - a ring of poison resistance (on tentacle)
   (You bought it in a shop on level 5 of the Lair of Beasts)
 S - an amulet of magic regeneration (around mantle)
   (You bought it in a shop on level 5 of the Lair of Beasts)
 U - the ring of Upihiuts (on tentacle) {rF+ Will+++ Str+6 Slay-6}
   (You bought it in a shop on level 5 of the Lair of Beasts)

   [ring of protection from fire]

   It affects your strength (+6).
   It affects your accuracy and damage with ranged weapons and melee attacks
   (-6).
   It protects you from fire.
   It greatly increases your willpower.
Wands
 i - a wand of polymorph (3)
   (You took it off Ijyb on level 3 of the Dungeon)
 w - a wand of iceblast (22)
   (You found it on level 7 of the Dungeon)
 x - a wand of flame (55)
   (You found it on level 8 of the Dungeon)
 y - a wand of mindburst (22)
   (You found it on level 8 of the Dungeon)
 I - a wand of acid (8)
   (You found it on level 10 of the Dungeon)
 K - a wand of digging (11)
   (You found it on level 1 of the Lair of Beasts)
 Q - a wand of paralysis (8)
   (You found it on level 2 of the Lair of Beasts)
Scrolls
 b - a scroll of fear
 d - a scroll of brand weapon
 h - 2 scrolls of vulnerability {!r!r}
 m - 5 scrolls of amnesia
 q - 5 scrolls of magic mapping {!r}
 r - 8 scrolls of teleportation {@r4}
 B - 4 scrolls of fog
 D - a scroll of blinking {!r}
 M - a scroll of immolation {!r!r}
 V - a scroll of enchant weapon
 X - a scroll of holy word
Potions
 c - 3 potions of might
 e - 4 potions of haste {@q3}
 g - a potion of invisibility
 k - 5 potions of mutation {!q}
 l - 6 potions of brilliance
 s - a potion of ambrosia
 t - 2 potions of attraction {!q}
 N - a potion of berserk rage {!q}
 R - 15 potions of curing {@q1}
 T - 5 potions of resistance

Dungeon Overview and Level Annotations

Branches:
Dungeon (13/15)            Temple (1/1) D:4            Lair (6/6) D:11
 Shoals (0/4) Lair:3       Spider (0/4) Lair:4        Slime (0/5) Lair:6
    Orc (2/2) D:11            Elf (2/3) Orc:2         Sewer (visited)
Desolation (1/1)
 Vaults: D:13-14

Altars:
Ashenzari
Dithmenos
Elyvilon
Gozag
Kikubaaqudgha
Makhleb
Nemelex Xobeh
Okawaru
Qazlal
Ru
Sif Muna
Uskayaw
Vehumet
Xom
Yredelemnul
Beogh
Jiyva

Shops:
D:3 ?**::   D:6 :   D:11 [(   Orc:2 ![?(   Elf:2 :(   Lair:5 =

Annotations:
D:9 2 runed translucent doors, exclusion: orange crystal statue
D:10 2 transporters

,,,,,§§......8.$$##§............,
,,,,,§......$$$..$.....§........*
,,,,,§...$....$$$...............,
,,,,,§.§........$...............,
,,,,§.§§.....$..................,
,,,,,.§...$..$.......#..........,
,,,,,....#......................,
,*,,,..,#......................,,
,*,,,...#.....88@..............,,
,*,,,..........8..............,,,
,,,,,.......∩$∩.$............,,,,
,,,,,........Y.............,,,,,,
,,,,,........$.............,**,,,
,,,,,#....................,,,,,,,
,,,,,#...................,,,,,,,,
,,,,,..........###......,,,,,,,,,
,,,,,...........*,.§...,,,,,,,,,,


You could see a peacekeeper (ally target), 2 saltlings and a friendly ice beast
(summoned).


Message History

😱 HP[-12] MP[+1]
You take 12 damage, and now have 28/116 hp.
You hit the saltling but do no damage. You constrict the saltling!
Your ice beast hits the saltling but does no damage.
The saltling barely misses your ice beast.
Your ice beast hits the saltling but does no damage.
The saltling hits your ice beast. 😱 HP[+1] MP[+1]
You hit the saltling but do no damage.
You constrict the saltling, but do no damage.
You block the saltling's attack.
Your ice beast hits the saltling but does no damage.
You block the saltling's attack.
Your ice beast hits the saltling but does no damage. 😱 MP[+1]
You hit the saltling.
You constrict the saltling, but do no damage.
You block the saltling's attack.
Your ice beast hits the saltling but does no damage.
The saltling misses you.
Your ice beast hits the saltling but does no damage. 😨 HP[+1] MP[+1]
You hit the saltling but do no damage.
You squeeze the saltling, but do no damage.
You constrict the saltling. You block the saltling's attack.
The saltling closely misses you.
Your ice beast completely misses the saltling.
A peacekeeper comes into view.
The saltling hits you!
* * * LOW HITPOINT WARNING * * *
Your ice beast hits the saltling but does no damage. 😱 HP[-11]
You take 11 damage, and now have 19/116 hp.
Press: ? - help, v - describe, . - travel The floor, spattered with blood.
Press: ? - help, v - describe, . - travel
Here: a saltling (severely damaged, constricted by you, ally target)
The floor.
Unknown command.
Press: ? - help, v - describe, . - travel
Here: a saltling (severely damaged, constricted by you, ally target)
The floor.
Unknown command.
Aiming: Corrosive Bolt
Press: ? - help, Shift-Dir - straight line, f - saltling
Aim: a saltling (severely damaged, constricted by you, ally target, 100% to hit)
The bolt of acid hits the saltling.
The saltling is splashed with acid.
You destroy the saltling!
The peacekeeper roars!
A saltling comes into view.
Your magical contamination has completely faded away. 😱 HP[+1] MP[+1]
You swap places.
The peacekeeper roars a battlecry!
The saltling goes into a battle-frenzy!
You see here 7 gold pieces. 😱 MP[+1]
A saltling comes into view. 😱 HP[+1] MP[+1]
Your magical effects are unravelling.
You feel magically purged.
You feel yourself speed up.
Press: ? - help, v - describe, . - travel A gate leading back out of this place.
You block the peacekeeper's attack.
The peacekeeper claws you but does no damage.
The peacekeeper completely misses you.
The peacekeeper claws you but does no damage.
Your ice beast hits the peacekeeper but does no damage.
You see here 15 gold pieces. 😱 MP[+1]
Casting: Summon Ice Beast (dangerous; 7% risk of failure)
Confirm with . or Enter, or press ? or * to list all spells.
Okay, then.
Okay, then. [a] - 702 gold - invisibility, might, haste and brilliance [b] - 280 gold - heal wounds and berserk rage [c] - 486 gold - resistance and invisibility Purchase which effect?
You feel much better.
You're still recovering from your berserk rage.
The peacekeeper bites you!
* * * LOW HITPOINT WARNING * * *
You block the peacekeeper's attack. The saltling completely misses you.
Your ice beast hits the peacekeeper but does no damage. 😨 HP[+17]
You regained 17 hp, and now have 38/116 hp.
The peacekeeper bites you!
* * * LOW HITPOINT WARNING * * *
The peacekeeper claws you.
* * * LOW HITPOINT WARNING * * *
Your ice beast hits the saltling.
Your ice beast freezes the saltling!
There is an empty arch of ancient stone, spattered with blood here. 😱 HP[-19] MP[+1]
You take 19 damage, and now have 19/116 hp.
The peacekeeper bites you!
* * * LOW HITPOINT WARNING * * *
The peacekeeper misses you. The saltling hits you!
You die...
Your body crumbles into a pile of gold.

Skill      XL: |  1  2  3  4  5  6  7  8  9 10 11 12 13 14 15 16 |
---------------+-------------------------------------------------+-----
Conjurations   | 5 6 7 8 10 11 12 13 | 13.7
Spellcasting   | 3 4 6 7 8 9 10 11 12 | 12.8
Hexes          | 2 5 8 10 | 10.7
Translocations | 2 6 8 10 | 10.0
Shields        | 1 4 |  4.0
Fighting       | 3 6 9 10 12 | 12.9
Ice Magic      | 3 5 |  5.0
Dodging        | 4 5 8 9 10 | 10.0
Stealth        | |  2.6

Action                   |  1- 3 |  4- 6 |  7- 9 | 10-12 | 13-15 | 16-18 || total
-------------------------+-------+-------+-------+-------+-------+-------++-------
Melee: Unarmed           |    12 |     3 |    16 |       |       |       ||    31
       Constrict         |     2 |     1 |     4 |     1 |     5 |     2 ||    15
       Tentacles         |       |     1 |     1 |       |     3 |     3 ||     8
       Staff             |       |       |       |     3 |    24 |     8 ||    35
Throw: Dart              |       |       |       |     3 |     1 |       ||     4
       Javelin           |       |       |       |     3 |       |       ||     3
       Boomerang         |       |       |       |     3 |       |       ||     3
 Cast: Magic Dart        |    48 |   101 |   255 |    98 |    81 |       ||   583
       Searing Ray       |     2 |     9 |    45 |    64 |    53 |     4 ||   177
       Call Imp          |       |       |     7 |     2 |       |       ||     9
       Iskenderun's Myst |       |       |     2 |    36 |   106 |    25 ||   169
       Fulminant Prism   |       |       |     2 |    83 |   267 |    38 ||   390
       Mephitic Cloud    |       |       |       |    14 |     3 |       ||    17
       Summon Ice Beast  |       |       |       |     5 |       |     3 ||     8
       Ozocubu's Armour  |       |       |       |     1 |       |       ||     1
Invok: Call Merchant     |       |       |       |       |     1 |       ||     1
       Potion Petition   |       |       |       |       |       |     4 ||     4
Evoke: Wand              |       |       |     2 |     8 |     1 |     1 ||    12
  Use: Scroll            |       |     3 |     8 |    10 |    14 |     5 ||    40
       Potion            |       |       |     1 |     4 |     1 |     8 ||    14
Armor: Skin              |     2 |     1 |     7 |     3 |    42 |    13 ||    68
Dodge: Dodged            |    11 |     5 |    67 |    90 |   168 |    29 ||   370
Block: Buckler           |       |       |       |    27 |    73 |    21 ||   121

Levels and vault maps discovered:
D:1:      dpeg_chamrin_arrival_tetris, layout_loops_corners
D:2:      layout_basic, fountainhead, uniq_terence, uniq_jessica, uniq_natasha
D:3:      layout_loops_ring, bloody_makhleb, lemuel_tele_altar,
          chequers_ecumenical_altar_simple_redux, serial_shops,
          nicolae_shop_trees, nicolae_shop_behind_doors,
          nicolae_shop_statue_plus, shop_statue, nicolae_shop_statue_plus,
          uniq_ijyb
D:4:      layout_basic, nicolae_ru_sacrificial_ziggurat,
          minmay_temple_entry_waves, uniq_eustachio
D:5:      layout_loops_ring, portal_sewer_entry_c
D:6:      layout_cave_pools, serial_gnoll_camp, gnoll_camp_mini_hut,
          gnoll_camp_medium_01, gnoll_camp_mini_shop, gnoll_camp_mini_doghouse
D:7:      layout_cave_pools, minivault_24
D:8:      layout_basic, nicolae_qazlal_general_emergency,
          overflow_temple_1_default, minmay_joined_circles
D:9:      layout_grid_maze, lemuel_round_altar,
          gammafunk_temple_overflow_forgotten, grunt_ministairs_7,
          minmay_statue_crystal_thing
D:10:     layout_long_grid, old_standard_altar, gammafunk_temple_of_torment,
          lemuel_doored_altar, uniq_erolcha
D:11:     layout_roguey, david_lair_shrubbed, orc_david_3
D:12:     orc_temple, layout_basic, serial_rivers,
          chequers_serial_rivers_micro_e, chequers_serial_rivers_room_a,
          chequers_serial_rivers_marsh, chequers_serial_rivers_micro_e,
          chequers_serial_rivers_micro_b, chequers_serial_rivers_large_a,
          serial_bayou_ford_a
D:13:     layout_basic, erik_vaults_2
Temple:   nicolae_temple_figure_zero
Lair:1:   layout_small_grid, grunt_megastairs_2
Lair:2:   cheibrodos_lair_overgrown_chateau, layout_big_grid
Lair:3:   layout_roguey, elwin_shoals_entry_rocks, small_statue_intersection,
          grunt_forest_stairs_basic, minmay_lair_oklob_chamber
Lair:4:   layout_misc_corridors, dummy_spider_entry, kennysheep_abandoned_house,
          grunt_megastairs_4, serial_bayou_shore_a, infiniplex_staircase_pool
Lair:5:   layout_gridlike, grunt_megastairs_1
Lair:6:   minmay_lair_end_frog_pond, layout_cellular_growth, slime_altar_1,
          serial_bayou_lake_a, infiniplex_staircase_pool_2
Orc:1:    layout_caves, uniq_harold
Orc:2:    st_orc_elflike, layout_diamond_mine
Elf:1:    elf_arrival_001, layout_geoelf_octagon, basic_altar,
          hangedman_elven_crosses_minicolossus
Elf:2:    layout_onion_city, serial_shops, shop, nicolae_shop_crystal, shop,
          portal_desolation_entry_salt, uniq_saint_roka
Desolation

Notes
Turn   | Place    | Note
-------+----------+-------------------------------------------
     0 | D:1      | spiderkeys the Octopode Conjurer began the quest for the
                  | Orb.
     0 | D:1      | Reached XP level 1. HP: 11/11 MP: 3/3
     0 | D:1      | magus.rc [v1.9.10]
   370 | D:1      | Reached XP level 2. HP: 12/17 MP: 0/5
   373 | D:1      | Learned a level 2 spell: Searing Ray
  1312 | D:1      | Reached XP level 3. HP: 21/21 MP: 3/6
  1791 | D:2      | Reached skill level 5 in Conjurations
  1791 | D:2      | Reached XP level 4. HP: 27/27 MP: 3/8
  2259 | D:2      | You pick up a book of Callings and begin reading...
  2259 | D:2      | You add the spells Summon Small Mammal, Call Imp, Call
                  | Canine Familiar, Summon Guardian Golem, Summon Lightning
                  | Spire and Summon Ice Beast to your library.
  2263 | D:2      | Noticed Terence
  2264 | D:2      | Noticed Jessica
  2286 | D:2      | Killed Terence
  2545 | D:2      | Noticed Natasha
  2550 | D:2      | Killed Natasha
  2551 | D:2      | Reached skill level 3 in Spellcasting
  2551 | D:2      | Reached XP level 5. HP: 31/31 MP: 2/9
  3212 | D:2      | Killed Jessica
  3473 | D:3      | Found Naph's Book Emporium.
  3478 | D:3      | Found a burning altar of Makhleb.
  3580 | D:3      | Reached skill level 6 in Conjurations
  3631 | D:3      | Found Cynalistilio's Book Boutique.
  3686 | D:3      | Found a shimmering altar of Xom.
  3718 | D:3      | Found Voefraax's General Store.
  3720 | D:3      | Found a faded altar of an unknown god.
  3739 | D:3      | Noticed Ijyb
  3768 | D:3      | Killed Ijyb
  3871 | D:3      | Bought a potion of heal wounds for 70 gold pieces
  4069 | D:3      | Reached XP level 6. HP: 31/36 MP: 8/11
  4155 | D:3      | Found Jiam's Assorted Antiques.
  4175 | D:3      | Bought a scroll labelled JAFUMA TOUS for 19 gold pieces
  4175 | D:3      | Bought a scroll labelled ERUMUKH DIGHYC for 19 gold pieces
  4204 | D:3      | Found Wugriukli's Magic Scroll Boutique.
  4720 | D:4      | Noticed Eustachio
  4813 | D:4      | Noticed a water moccasin
  4820 | D:4      | Killed a water moccasin
  4821 | D:4      | Reached skill level 4 in Spellcasting
  4821 | D:4      | Reached skill level 7 in Conjurations
  4821 | D:4      | Reached XP level 7. HP: 29/41 MP: 3/13
  5047 | D:4      | Noticed Eustachio
  5047 | D:4      | Eustachio changed into Eustachio the steam dragon
  5390 | D:4      | Killed Eustachio the steam dragon
  5443 | D:4      | Found a staircase to the Ecumenical Temple.
  5452 | Temple   | Entered the Ecumenical Temple
  5747 | D:4      | Found a sacrificial altar of Ru.
  6044 | Temple   | Became a worshipper of Gozag Ym Sagoz the Greedy
  6065 | D:5      | Entered Level 5 of the Dungeon
  6286 | D:5      | Found a glowing drain.
  6311 | D:5      | Learned a level 4 spell: Fulminant Prism
  6316 | D:5      | Learned a level 4 spell: Iskenderun's Mystic Blast
  6319 | D:5      | Learned a level 2 spell: Call Imp
  6320 | Sewer    | Entered a sewer
  6816 | Sewer    | Reached skill level 8 in Conjurations
  7075 | D:5      | Reached XP level 8. HP: 46/46 MP: 8/15
  7139 | D:5      | Reached skill level 5 in Spellcasting
  7804 | D:6      | Reached skill level 9 in Conjurations
  8590 | D:6      | Reached skill level 6 in Spellcasting
  8708 | D:6      | Reached skill level 10 in Conjurations
  8708 | D:6      | Reached XP level 9. HP: 41/51 MP: 8/18
  9310 | D:6      | Found Ohoem's Book Shoppe.
  9655 | D:7      | HP: 12/51 [centaur/arrow (14)]
 10314 | D:7      | Noticed a troll
 10324 | D:7      | Killed a troll
 10325 | D:7      | Reached skill level 7 in Spellcasting
 10325 | D:7      | Reached skill level 11 in Conjurations
 10991 | D:8      | Found a radiant altar of Vehumet.
 11317 | D:8      | Reached skill level 1 in Hexes
 11317 | D:8      | Reached skill level 1 in Translocations
 11690 | D:8      | Reached skill level 1 in Shields
 11766 | D:8      | Found a stormy altar of Qazlal.
 11804 | D:8      | Reached skill level 2 in Hexes
 11804 | D:8      | Reached skill level 2 in Translocations
 11804 | D:8      | Reached XP level 10. HP: 56/56 MP: 14/21
 11814 | D:8      | Reached skill level 2 in Shields
 11814 | D:8      | Reached skill level 3 in Hexes
 11814 | D:8      | Reached skill level 3 in Translocations
 12210 | D:8      | Noticed a two-headed ogre
 12219 | D:8      | Killed a two-headed ogre
 12220 | D:8      | Reached skill level 4 in Hexes
 12220 | D:8      | Reached skill level 4 in Translocations
 12223 | D:8      | Reached skill level 3 in Shields
 12224 | D:8      | HP: 7/56 [hornet zombie (8)]
 12656 | D:9      | Found a shimmering blue altar of Sif Muna.
 12709 | D:9      | Found an iron altar of Okawaru.
 12709 | D:9      | Found a sparkling altar of Nemelex Xobeh.
 12709 | D:9      | Found a white marble altar of Elyvilon.
 13060 | D:9      | Found the +3 robe of Clouds {+Thunder rCloud rElec}
 13130 | D:9      | Reached skill level 5 in Translocations
 13137 | D:9      | Reached skill level 8 in Spellcasting
 13137 | D:9      | Reached skill level 5 in Hexes
 13270 | D:9      | Noticed a two-headed ogre
 13275 | D:9      | Killed a two-headed ogre
 13276 | D:9      | Reached skill level 4 in Shields
 13276 | D:9      | Reached skill level 6 in Translocations
 13276 | D:9      | Reached XP level 11. HP: 61/61 MP: 12/23
 13509 | D:3      | Bought a book of Minor Magic for 220 gold pieces
 13509 | D:3      | You pick up a book of Minor Magic and begin reading...
 13509 | D:3      | You add the spells Blink, Slow, Conjure Flame and Mephitic
                  | Cloud to your library.
 13512 | D:3      | Learned a level 2 spell: Blink
 13516 | D:3      | Learned a level 3 spell: Mephitic Cloud
 13570 | D:3      | Bought a scroll of identify for 20 gold pieces
 13570 | D:3      | Bought a scroll of blinking for 75 gold pieces
 13570 | D:3      | Bought a scroll of magic mapping for 35 gold pieces
 13570 | D:3      | Bought a scroll of identify for 20 gold pieces
 13570 | D:3      | Bought a scroll of fear for 35 gold pieces
 13570 | D:3      | Bought a scroll of enchant armour for 75 gold pieces
 14109 | D:9      | Noticed a purple ugly thing
 14120 | D:9      | Killed a purple ugly thing
 14509 | D:9      | Found a runed translucent door.
 14524 | D:9      | Found a runed translucent door.
 14587 | D:9      | Found a runed translucent door.
 14595 | D:9      | Found a runed translucent door.
 14809 | D:9      | Reached skill level 7 in Translocations
 15158 | D:9      | Noticed an orange crystal statue
 15190 | D:10     | Entered Level 10 of the Dungeon
 15190 | D:10     | Noticed a two-headed ogre
 15367 | D:3      | Bought a book of Frost for 385 gold pieces
 15367 | D:3      | You pick up a book of Frost and begin reading...
 15367 | D:3      | You add the spells Freeze, Frozen Ramparts, Ozocubu's
                  | Armour, Hailstorm and Metabolic Englaciation to your
                  | library.
 15371 | D:3      | Learned a level 3 spell: Ozocubu's Armour
 15504 | D:10     | Noticed Erolcha
 15508 | D:10     | Killed Erolcha
 15509 | D:10     | Reached skill level 1 in Fighting
 15509 | D:10     | Reached skill level 1 in Ice Magic
 15940 | D:10     | Killed a two-headed ogre
 15982 | D:10     | Reached skill level 2 in Fighting
 15982 | D:10     | Reached skill level 8 in Translocations
 15982 | D:10     | Reached skill level 2 in Ice Magic
 15985 | D:10     | HP: 12/64 [killer bee (7)]
 16448 | D:10     | Noticed a skeletal warrior
 16464 | D:10     | Reached skill level 9 in Spellcasting
 16510 | D:10     | Noticed a death knight
 16569 | D:10     | Found an ancient bone altar of Kikubaaqudgha.
 16575 | D:10     | Found a basalt altar of Yredelemnul.
 16588 | D:10     | Found a shadowy altar of Dithmenos.
 16884 | D:10     | Reached skill level 3 in Fighting
 16910 | D:10     | Found a transporter.
 16911 | D:10     | Found a transporter.
 16913 | D:10     | Identified a scroll of acquirement
 16913 | D:10     | Acquired the ring of Dawn {rC+ rCorr Int+6 Dex-2}
 16921 | D:10     | Learned a level 4 spell: Summon Ice Beast
 17121 | D:10     | Reached skill level 3 in Ice Magic
 17226 | D:10     | Found a hide-covered altar of Uskayaw.
 17515 | D:11     | Found a staircase to the Lair.
 17531 | D:11     | Reached XP level 12. HP: 71/72 MP: 17/25
 17627 | D:11     | Found Dauxo's Armour Shoppe.
 17629 | D:11     | Noticed a two-headed ogre
 17635 | D:11     | Reached skill level 9 in Translocations
 17637 | D:11     | Killed a two-headed ogre
 18246 | D:11     | Found a staircase to the Orcish Mines.
 18249 | D:11     | Found Fanuc's Weapon Shoppe.
 18372 | D:11     | Reached skill level 4 in Fighting
 18427 | D:11     | Reached skill level 4 in Ice Magic
 19057 | D:11     | Noticed an eight-headed hydra
 19062 | D:11     | Killed an eight-headed hydra
 19358 | D:12     | Noticed a two-headed ogre
 19365 | D:12     | Killed a two-headed ogre
 19414 | D:12     | Noticed a seven-headed hydra
 19737 | D:11     | Killed a seven-headed hydra
 19738 | D:11     | Reached skill level 5 in Fighting
 19738 | D:11     | Reached skill level 10 in Translocations
 19738 | D:11     | Reached skill level 5 in Ice Magic
 19994 | D:12     | Reached skill level 3 in Dodging
 20191 | D:12     | Noticed an orc warlord
 21121 | D:12     | HP: 15/77 [electric eel/bolt of electricity (6)]
 21122 | D:12     | HP: 3/77 [electric eel/bolt of electricity (12)]
 21674 | D:12     | Reached skill level 10 in Spellcasting
 22150 | D:12     | Noticed a two-headed ogre
 22157 | D:12     | Killed a two-headed ogre
 22158 | D:12     | Reached skill level 4 in Dodging
 22401 | D:12     | Reached skill level 6 in Fighting
 22553 | D:12     | Reached XP level 13. HP: 83/83 MP: 6/27
 22844 | D:12     | Reached skill level 5 in Dodging
 23259 | Lair:1   | Entered Level 1 of the Lair of Beasts
 23352 | Lair:1   | Reached skill level 7 in Fighting
 24989 | Lair:2   | Reached skill level 11 in Spellcasting
 25450 | Lair:2   | Reached skill level 8 in Fighting
 26942 | Lair:3   | Reached skill level 9 in Fighting
 27757 | Lair:3   | Found a staircase to the Shoals.
 27774 | Lair:3   | You pick up a book of Changes and begin reading...
 27774 | Lair:3   | You add the spells Beastly Appendage, Wereblood, Spider
                  | Form, Ice Form and Hydra Form to your library.
 28049 | Lair:3   | Reached XP level 14. HP: 58/97 MP: 17/29
 28425 | Lair:4   | Reached skill level 6 in Dodging
 28425 | Lair:4   | Reached skill level 6 in Hexes
 29020 | Lair:4   | Found a hole to the Spider Nest.
 30202 | Lair:5   | Reached skill level 12 in Conjurations
 30212 | Lair:5   | HP: 24/98 [elephant (18)]
 30632 | Lair:5   | Reached skill level 10 in Fighting
 31424 | Lair:5   | Reached skill level 7 in Hexes
 31519 | Lair:5   | Reached skill level 7 in Dodging
 31718 | Lair:5   | Bought a ring of poison resistance for 300 gold pieces
 31719 | Lair:5   | Bought a +4 ring of protection for 540 gold pieces
 31719 | Lair:5   | Bought a +4 ring of protection for 540 gold pieces
 31719 | Lair:5   | Bought the ring of Voissaom {AC+4 Int+2} for 708 gold
                  | pieces
 31729 | Lair:5   | Bought an amulet of magic regeneration for 450 gold pieces
 31847 | Lair:6   | Entered Level 6 of the Lair of Beasts
 32385 | Lair:6   | Reached skill level 8 in Hexes
 32388 | Lair:6   | Reached skill level 8 in Dodging
 32458 | Lair:6   | Reached XP level 15. HP: 92/105 MP: 5/30
 32956 | Lair:6   | Reached skill level 11 in Fighting
 33482 | Lair:6   | Reached skill level 13 in Conjurations
 33840 | Lair:6   | Found a viscous altar of Jiyva.
 33840 | Lair:6   | Found a staircase to the Slime Pits.
 34359 | Orc:1    | Entered Level 1 of the Orcish Mines
 34554 | Orc:1    | Noticed Harold
 34561 | Orc:1    | Killed Harold
 34562 | Orc:1    | Reached skill level 9 in Hexes
 34835 | Orc:2    | Entered Level 2 of the Orcish Mines
 35038 | Orc:2    | Found a staircase to the Elven Halls.
 35419 | Orc:2    | Reached skill level 9 in Dodging
 35702 | Orc:2    | Found Geunieli's Armour Shoppe.
 35702 | Orc:2    | Found Zughy's Distillery.
 35704 | Orc:2    | Found Woassola's Antique Weapon Shop.
 35704 | Orc:2    | Found Fyre's Magic Scroll Shop.
 35712 | Orc:2    | Bought a potion of heal wounds for 90 gold pieces
 35715 | Orc:2    | Bought a scroll of teleportation for 48 gold pieces
 35715 | Orc:2    | Bought a scroll of teleportation for 48 gold pieces
 35715 | Orc:2    | Bought a scroll of teleportation for 48 gold pieces
 35715 | Orc:2    | Bought a scroll of teleportation for 48 gold pieces
 35715 | Orc:2    | Bought a scroll of magic mapping for 56 gold pieces
 35715 | Orc:2    | Bought a scroll of fog for 32 gold pieces
 35715 | Orc:2    | Bought a scroll of teleportation for 48 gold pieces
 35715 | Orc:2    | Bought a scroll of magic mapping for 56 gold pieces
 35911 | Lair:5   | Bought the ring of Upihiuts {rF+ Will+++ Str+6 Slay-6} for
                  | 459 gold pieces
 36060 | Elf:1    | Entered Level 1 of the Elven Halls
 36291 | Elf:1    | You pick up a book of Party Tricks and begin reading...
 36291 | Elf:1    | You add the spells Apportation, Lesser Beckoning, Tukima's
                  | Dance, Alistair's Intoxication and Invisibility to your
                  | library.
 36334 | Elf:1    | Reached skill level 10 in Hexes
 36520 | Elf:1    | Reached skill level 12 in Spellcasting
 36713 | Elf:1    | Reached skill level 12 in Fighting
 36713 | Elf:1    | Reached XP level 16. HP: 33/114 MP: 24/32
 37192 | Elf:1    | Reached skill level 10 in Dodging
 37230 | Elf:1    | Found a radiant altar of Vehumet.
 38275 | Elf:2    | Found Exoal's Book Emporium.
 38318 | Elf:2    | Found Aroargh's Weapon Shoppe.
 38341 | Elf:2    | Found a ruined gateway.
 38361 | Desolati | Entered the Desolation of Salt
 38439 | Desolati | Identified the ring of Discord {rC- rN+ EV+4 Str+8 Int+4}
 38468 | Desolati | HP: 15/115 [ragged hierophant/a resonance strike (16)]
 38471 | Desolati | Identified the amulet of Dushreimn {Regen+ Int+6}
 38499 | Desolati | HP: 27/116 [guardian serpent (13)]
 38506 | Desolati | HP: 18/116 [servant of whispers/bolt of lightning (11)]
 38529 | Desolati | HP: 28/116 [saltling (12)]
 38540 | Desolati | HP: 24/116 [peacekeeper (14)]
 38542 | Desolati | HP: 5/116 [peacekeeper (15)]
 38542 | Desolati | Mangled by a saltling

Vanquished Creatures
  An imperial myrmidon (Desolation)
  A halazid warlock (Desolation)
  Harold (Orc:1)
  2 ragged hierophants (Desolation)
  6 hydras
  Erolcha (D:10)
  A boulder beetle (Lair:3)
  A peacekeeper (Desolation)
  5 servants of whispers (Desolation)
  6 two-headed ogres
  6 death yaks (Lair:6)
  4 orc high priests
  3 deep elf knights (Elf:1)
  2 ironbound convokers (Desolation)
  12 deep elf pyromancers (Elf:1)
  A lindwurm (shapeshifter) (Elf:1)
  10 deep elf zephyrmancers
  8 orc knights
  A deep elf archer (Elf:1)
  3 lindwurms
  An ugly thing (D:9)
  7 orc sorcerers
  3 oklob plants (Lair:3)
  A cyclops (D:12)
  9 black mambas
  3 guardian serpents (Desolation)
  7 elephants
  A molten gargoyle (Desolation)
  2 torpor snails
  26 cane toads
  9 rime drakes
  12 komodo dragons
  An unseen horror (D:12)
  An efreet (D:11)
  A polar bear (Lair:5)
  3 trolls
  5 tyrant leeches (Lair:6)
  4 slime creatures (D:11)
  21 saltlings
  11 blink frogs (Lair:6)
  A hornet (Lair:2)
  8 dream sheep
  3 air elementals
  2 shadows (D:12)
  A water elemental (Elf:1)
  A vampire (D:11)
  6 wyverns
  A fire elemental (Elf:1)
  63 yaks
  2 basilisks
  11 vampire mosquitoes
  3 steam dragons
  2 wargs (Orc:1)
  An acid dragon (D:10)
  18 water moccasins
  A floating eye (shapeshifter) (Elf:1)
  2 ice beasts (D:6)
  5 black bears
  A hornet zombie (D:8)
  A sky beast (D:7)
  29 orc warriors
  20 wolves
  10 ogres
  9 centaurs
  2 kobold brigands
  25 bullfrogs
  2 gnoll sergeants
  A scorpion (D:5)
  19 wights
  6 killer bees
  A howler monkey (D:8)
  4 electric eels
  A lava snake (Lair:5)
  A bullfrog skeleton (D:4)
  2 bullfrog zombies (D:5)
  3 centaur zombies
  3 gnoll shamans (D:6)
  16 orc priests
  2 jellies
  6 hounds
  Jessica (D:2)
  Ijyb (D:3)
  Natasha (D:2)
  Terence (D:2)
  An iguana (D:4)
  17 orc wizards
  8 hell rats
  2 killer bee zombies
  A hound skeleton (D:4)
  3 howler monkey zombies
  2 howler monkey skeletons
  5 adders
  20 gnolls
  3 river rats (Lair:4)
  3 white imps
  4 worms
  2 dart slugs
  34 orcs
  3 ball pythons
  7 endoplasms
  9 giant cockroaches
  5 goblins
  10 hobgoblins
  10 jackals
  4 quokkas
  11 bats
  3 frilled lizards (D:2)
  25 kobolds
  25 rats
  2 bushes (Lair:6)
  9 fulminant prisms
730 creatures vanquished.

Vanquished Creatures (collateral kills)
  An imperial myrmidon (Desolation)
  A ragged hierophant (Desolation)
  A peacekeeper (Desolation)
  A deep elf archer (Elf:1)
  A deep elf zephyrmancer (Elf:1)
  A manticore (D:12)
  3 saltlings (Desolation)
  A centaur (D:6)
  A hound (shapeshifter) (Elf:1)
  A gnoll (D:6)
12 creatures vanquished.

Vanquished Creatures (others)
  10 dancing weapons
  A deep elf pyromancer (Elf:1)
  A saltling (Desolation)
  An orc warrior (Orc:2)
  A bush (Lair:6)
  380 fulminant prisms
  49 fungi
  200 plants
643 creatures vanquished.

Grand Total: 1385 creatures vanquished

Table legend:
 A = Non-vault XP
 B = Vault XP
 C = Vault XP percentage of total XP
 D = Non-vault monster count
 E = Vault monster count
 F = Vault count percentage of total count
                 A         B        C        D         E       F
            +---------+---------+-------+---------+---------+-------
      Total |   87167 |   76514 |  46.7 |     462 |     281 |  37.8
            +---------+---------+-------+---------+---------+-------
        D:1 |      36 |       0 |   0.0 |      20 |       0 |   0.0
        D:2 |      94 |     109 |  53.7 |      28 |       3 |   9.7
        D:3 |      48 |      36 |  42.9 |      18 |       1 |   5.3
        D:4 |     437 |     170 |  28.0 |      23 |       1 |   4.2
        D:5 |     341 |       8 |   2.3 |       7 |       6 |  46.2
        D:6 |     945 |     452 |  32.4 |      16 |      20 |  55.6
        D:7 |    1223 |       0 |   0.0 |      15 |       0 |   0.0
        D:8 |    1735 |    1831 |  51.3 |      17 |       8 |  32.0
        D:9 |    3285 |     682 |  17.2 |      24 |       7 |  22.6
       D:10 |    5543 |     985 |  15.1 |      35 |       1 |   2.8
       D:11 |    5742 |     646 |  10.1 |      14 |       5 |  26.3
       D:12 |    4769 |    4602 |  49.1 |      14 |      27 |  65.9
     Lair:1 |    4064 |     817 |  16.7 |      16 |       4 |  20.0
     Lair:2 |    2635 |    4392 |  62.5 |      11 |      16 |  59.3
     Lair:3 |    7394 |    1664 |  18.4 |      25 |       3 |  10.7
     Lair:4 |    5266 |    1099 |  17.3 |      25 |      18 |  41.9
     Lair:5 |    7496 |     493 |   6.2 |      28 |       1 |   3.4
     Lair:6 |   14595 |   13236 |  47.6 |      41 |      49 |  54.4
      Orc:1 |    3237 |    1034 |  24.2 |      28 |       1 |   3.4
      Orc:2 |    1607 |    8255 |  83.7 |      27 |      24 |  47.1
      Elf:1 |   14406 |   12099 |  45.6 |      26 |      18 |  40.9
      Elf:2 |    2269 |     531 |  19.0 |       4 |       2 |  33.3
      Sewer |       0 |     134 | 100.0 |       0 |      24 | 100.0
 Desolation |       0 |   23239 | 100.0 |       0 |      42 | 100.0
            +---------+---------+-------+---------+---------+-------

Illustrated notes

Table legend:
 A = Kills in this place as a percentage of kills in entire the game.
 B = Kills by you in this place as a percentage of kills by you in the entire game.
 C = Kills by friends in this place as a percentage of kills by friends in the entire game.
 D = Other kills in this place as a percentage of other kills in the entire game.
 E = Experience gained in this place as a percentage of experience gained in the entire game.
 F = Experience gained in this place divided by the number of levels of this place that you have seen.
                   A       B       C       D       E      F
               +-------+-------+-------+-------+-------+----------------------
         Total | 100.0 | 100.0 | 100.0 | 100.0 | 100.0 | 6295.4
       Dungeon |  41.7 |  42.5 |  25.0 |  14.3 |  20.6 | 2593.8
          Lair |  31.9 |  33.1 |   0.0 |   0.0 |  38.6 | 10525.2
  Orcish Mines |  10.8 |  11.2 |   0.0 |   0.0 |   8.6 | 7066.5
   Elven Halls |   6.7 |   5.0 |  25.0 |  78.6 |  17.9 | 14652.5
         Sewer |   3.2 |   3.3 |   0.0 |   0.0 |   0.1 | 134.0
    Desolation |   5.7 |   4.9 |  50.0 |   7.1 |  14.2 | 23239.0
               +-------+-------+-------+-------+-------+----------------------

Table legend: (Time is in decaauts)
 A = Elapsed time spent in this place.
 B = Non-inter-level travel time spent in this place.
 C = Inter-level travel time spent in this place.
 D = Time resting spent in this place.
 E = Time spent auto-exploring this place.
 F = Levels seen in this place.
 G = Mean time per level.
                   A        B        C        D        E       F      G
               +--------+--------+--------+--------+--------+-----+--------+
         Total |  38619 |  36821 |   1798 |   6650 |  25272 |  26 | 1485.3 |
       Dungeon |  23093 |  21891 |   1202 |   4120 |  15245 |  13 | 1776.4 |
        Temple |     73 |     57 |     16 |      0 |     41 |   1 |   73.0 |
          Lair |  11056 |  10576 |    480 |   2022 |   7156 |   6 | 1842.7 |
  Orcish Mines |   1344 |   1260 |     84 |     45 |    856 |   2 |  672.0 |
   Elven Halls |   2301 |   2286 |     15 |    420 |   1482 |   2 | 1150.5 |
         Sewer |    569 |    569 |      0 |      0 |    492 |   1 |  569.0 |
    Desolation |    180 |    180 |      0 |     43 |      0 |   1 |  180.0 |
               +--------+--------+--------+--------+--------+-----+--------+

Top non-repeatable levels by time:
     D:9: 2885 daAuts
    D:12: 2777 daAuts
    D:11: 2405 daAuts
  Lair:3: 2241 daAuts
   Elf:1: 2213 daAuts
  Lair:4: 2168 daAuts
  Lair:5: 1999 daAuts
    D:10: 1983 daAuts
  Lair:1: 1893 daAuts
     D:6: 1857 daAuts
     D:2: 1683 daAuts
     D:1: 1673 daAuts
  Lair:6: 1661 daAuts
     D:7: 1606 daAuts
     D:8: 1552 daAuts
